[Event "ICC tourney 2568 (40 10)"]
[Site "Internet Chess Club"]
[Date "2021.05.16"]
[Round "1"]
[White "RAMESH, ANIRUDH:anirudhramesh03"]
[Black "XIAO, MARINA:marinaxiao"]
[Result "1-0"]
[ICCResult "Black checkmated"]
[WhiteElo "1808"]
[BlackElo "1547"]
[Opening "Sicilian: Smith-Morra gambit"]
[ECO "B21"]
[NIC "SI.48"]
[Time "11:02:18"]
[TimeControl "2400+10"]

1. e4 c5 2. d4 cxd4 3. c3 dxc3 4. Nxc3 Nc6 5. Nf3 e6 6. Bc4 Bc5 7. O-O Nge7
8. Bf4 O-O 9. Re1 a6 10. Bd6 Bxd6 11. Qxd6 b5 12. Bb3 Rb8 13. Rad1 Rb6 14.
Rd2 Na5 15. Qg3 Nxb3 16. axb3 Bb7 17. Red1 Bc6 18. Ne5 Rb7 19. h3 f6 20. Nd3
d5 21. Nc5 Qc8 22. Nxb7 Qxb7 23. Qd6 e5 24. Qe6+ Kh8 25. Nxd5 Nxd5 26. exd5
Bd7 27. Qd6 Rd8 28. Qe7 Re8 29. Qf7 Qc8 30. d6 Rf8 31. Qd5 Be6 32. d7 Bxd5
33. dxc8=Q Rxc8 34. Rxd5 h6 35. Rd8+ Rxd8 36. Rxd8+ Kh7 37. Ra8 g5 38. Rxa6
Kg6 39. Rb6 Kf5 40. Rxb5 Ke4 41. Rc5 Kd4 42. Rc8 Kd3 43. b4 Kd4 44. b5 Kd5
45. b6 Kd6 46. b7 Kd7 47. b8=Q Ke6 48. g4 Kd5 49. Qb4 Ke6 50. Rc6+ Kd5 51.
Qb5+ Ke4 52. Rc4+ Kf3 53. Qb3+ Ke2 54. Qc2+ Kf3 55. Qd3# {Black checkmated}
1-0

[Event "ICC tourney 2568 (40 10)"]
[Site "Internet Chess Club"]
[Date "2021.05.16"]
[Round "1"]
[White "XIAO, MICHAEL:michaelxiao"]
[Black "NGUYEN, THOMAS:tn285"]
[Result "1/2-1/2"]
[ICCResult "Game drawn by repetition"]
[WhiteElo "1297"]
[BlackElo "1581"]
[Opening "Giuoco Pianissimo: Italian four knights variation"]
[ECO "C50"]
[NIC "IG.02"]
[Time "11:02:18"]
[TimeControl "2400+10"]

1. e4 e5 2. Nf3 Nc6 3. Bc4 Bc5 4. Nc3 Nf6 5. d3 h6 6. h3 d6 7. Be3 Bb6 8.
O-O O-O 9. Bxb6 axb6 10. a3 Ne7 11. b4 c6 12. Bb3 Ng6 13. d4 Qe7 14. dxe5
dxe5 15. Qe2 Rd8 16. Qe3 b5 17. Ne2 Be6 18. Ba2 Bxa2 19. Rxa2 Ra6 20. Rfa1
b6 21. c3 c5 22. Kh1 Qb7 23. Ng3 c4 24. a4 Rd3 25. Qe1 Rxa4 26. Rxa4 bxa4
27. Rxa4 b5 28. Ra5 Kh7 29. Kh2 Qd7 30. Qc1 Qc6 31. Qe1 Qd7 32. Qc1 Qc6 33.
Qe1 Qd7 34. Qc1 Qc6 {Game drawn by repetition} 1/2-1/2

[Event "ICC tourney 2568 (40 10)"]
[Site "Internet Chess Club"]
[Date "2021.05.16"]
[Round "1"]
[White "BRUDNO, STEPHEN:StevChess01"]
[Black "BRAHMANAPALLY, SARVAGNYA:bsarvagnya"]
[Result "1-0"]
[ICCResult "Black forfeits on time"]
[WhiteElo "1606"]
[BlackElo "1325"]
[Opening "QGD: 3.Nc3"]
[ECO "D31"]
[NIC "QP.08"]
[Time "11:02:18"]
[TimeControl "2400+10"]

1. d4 d5 2. c4 e6 3. Nc3 Bb4 4. a3 Ba5 5. b4 Bb6 6. c5 Nf6 7. cxb6 axb6 8.
Bf4 Ne4 9. Nxe4 dxe4 10. e3 Bd7 11. Ne2 Ba4 12. Qc1 Nc6 13. Nc3 b5 14. Nxe4
Qd5 15. Nc3 Qf5 16. Nxa4 bxa4 17. Be2 O-O 18. O-O f6 19. b5 Ne7 20. Bxc7
Rac8 21. b6 Nd5 22. Qb2 Nxc7 23. bxc7 Rxc7 24. Rac1 Rcf7 25. Rc5 Qe4 26. Bf3
Qd3 27. Rd1 Qa6 28. Rdc1 Qa7 29. d5 Rd7 30. dxe6 {Black forfeits on time}
1-0

[Event "ICC tourney 2568 (40 10)"]
[Site "Internet Chess Club"]
[Date "2021.05.16"]
[Round "1"]
[White "CHAN, ETHAN:ChessyEthan"]
[Black "LI, DAVID TONGJIA:UltimateDL"]
[Result "0-1"]
[ICCResult "White checkmated"]
[WhiteElo "1554"]
[BlackElo "1862"]
[Opening "Sicilian: Smith-Morra gambit"]
[ECO "B21"]
[NIC "SI.47"]
[Time "11:01:39"]
[TimeControl "2400+10"]

1. e4 c5 2. d4 cxd4 3. c3 Nf6 4. e5 Nd5 5. Nf3 Nc6 6. Bc4 Nb6 7. Bb3 d5 8.
cxd4 Bg4 9. Be3 e6 10. h3 Bh5 11. Nc3 Bb4 12. Rc1 O-O 13. O-O Rc8 14. a3 Be7
15. Re1 Na5 16. Ba2 Nac4 17. Qe2 Nxe3 18. fxe3 Nc4 19. Rc2 Bxf3 20. Qxf3
Nxb2 21. Rxb2 Rxc3 22. Rxb7 Rxa3 23. Qe2 Bg5 24. Qd2 Qa5 25. Qxa5 Rxa5 26.
Bb1 Ra3 27. Kf2 f6 28. Kg1 Bxe3+ 29. Kh1 Bxd4 30. exf6 Rxf6 31. Rc1 Rc3 32.
Rd1 Be5 33. Rxa7 Rf8 34. Re7 Rc6 35. Re1 Bg3 36. Rd1 Rfc8 37. Rxe6 Rxe6 38.
Bf5 Rce8 39. Bxe6+ Rxe6 40. Kg1 d4 41. Kf1 d3 42. Ra1 Re8 43. h4 d2 44. h5
Re1+ 45. Rxe1 dxe1=Q# {White checkmated} 0-1

[Event "ICC tourney 2568 (40 10)"]
[Site "Internet Chess Club"]
[Date "2021.05.16"]
[Round "1"]
[White "BOYINEPALLY, KIRAN:BoyinK-99"]
[Black "WU, EVERETT:EW2006"]
[Result "0-1"]
[ICCResult "White resigns"]
[WhiteElo "1673"]
[BlackElo "1395"]
[Opening "QGD: 3.Nc3"]
[ECO "D31"]
[NIC "QP.08"]
[Time "11:01:27"]
[TimeControl "2400+10"]

1. d4 d5 2. c4 e6 3. Nc3 Bb4 4. Bf4 Ne7 5. e3 O-O 6. a3 Bxc3+ 7. bxc3 Ng6 8.
Bg3 c6 9. cxd5 cxd5 10. Bd3 f5 11. Ne2 Nc6 12. Nf4 Nxf4 13. Bxf4 Ne7 14. h3
Ng6 15. Bh2 b6 16. O-O a5 17. Rb1 Ba6 18. Bb5 Bxb5 19. Rxb5 Rf7 20. a4 Rc8
21. Qb3 Rc6 22. Rb1 Rb7 23. Bg3 Qc8 24. Rc1 Nf8 25. f3 Nd7 26. Be1 Rc4 27.
Rb1 Qc6 28. Rxa5 Rc7 29. Rb5 Ra7 30. Ra1 Kf7 31. Rb4 g5 32. Rxc4 dxc4 33.
Qc2 Nf6 34. Bg3 Ra5 35. Be5 Nd7 36. f4 h6 37. Kh2 Kg6 38. g4 Qf3 39. gxf5+
exf5 40. Qd2 g4 41. hxg4 fxg4 42. Qg2 Qxg2+ 43. Kxg2 b5 44. Bd6 Nf6 45. Bb4
Rxa4 46. Rxa4 bxa4 47. Kf2 Nd5 48. Bc5 Nxc3 49. Kg3 Kf5 50. Kh4 Ne4 51. Ba3
c3 52. d5 c2 53. Bb2 Nd6 54. Kg3 Nc4 55. Bc1 a3 56. d6 Ke6 57. f5+ Kxd6
{White resigns}
0-1

[Event "ICC tourney 2568 (40 10)"]
[Site "Internet Chess Club"]
[Date "2021.05.16"]
[Round "1"]
[White "SUN, KEVIN:kevinsun"]
[Black "PRIYADARSHI, VED:ved2006"]
[Result "0-1"]
[ICCResult "White resigns"]
[WhiteElo "1491"]
[BlackElo "1713"]
[Opening "French: Schlechter variation"]
[ECO "C01"]
[NIC "FR.01"]
[Time "11:01:24"]
[TimeControl "2400+10"]

1. e4 e6 2. d4 d5 3. Bd3 Nf6 4. e5 Nfd7 5. Nf3 c5 6. dxc5 Bxc5 7. O-O Nc6 8.
Re1 Qc7 9. Bf4 Qb6 10. Qe2 Qxb2 11. Nbd2 Qb6 12. Ng5 h6 13. Qh5 Nd8 14. Re2
Bd4 15. Rae1 Nc5 16. Rb1 Qc7 17. Bb5+ Bd7 18. Bxd7+ Qxd7 19. Nb3 Nxb3 20.
Rxb3 Rc8 21. Rg3 g6 22. Qh3 Qb5 23. Re1 Qb6 24. Rf1 Rxc2 25. Be3 Bxe3 26.
Rxe3 Rxa2 {White resigns} 0-1

[Event "ICC tourney 2568 (40 10)"]
[Site "Internet Chess Club"]
[Date "2021.05.16"]
[Round "1"]
[White "CHAPMAN, JOSHUA:Crusha777"]
[Black "CAO, RAY:rcww2020"]
[Result "0-1"]
[ICCResult "White forfeits on time"]
[WhiteElo "1371"]
[BlackElo "1670"]
[Opening "English opening"]
[ECO "A21"]
[NIC "EO.22"]
[Time "11:01:27"]
[TimeControl "2400+10"]

1. c4 e5 2. Nc3 d6 3. e3 Nf6 4. d4 exd4 5. exd4 Be7 6. d5 Bf5 7. Be2 O-O 8.
Nf3 h6 9. O-O Nbd7 10. Nd4 Bh7 11. Bd3 Ne5 12. Bxh7+ Nxh7 13. b3 Bf6 14. Ne4
Nd7 15. Nxf6+ Nhxf6 16. Nf5 Ne5 17. Bb2 Qd7 18. Bxe5 Qxf5 19. Bxf6 Qxf6 20.
Qd2 Rfe8 21. Rfe1 Kf8 22. h3 Rxe1+ 23. Rxe1 b6 24. Qe3 Qd8 25. Qe4 g6 26. g3
Qe8 27. Qxe8+ Rxe8 28. Rxe8+ Kxe8 29. h4 Ke7 30. f4 Kf6 31. Kf2 Kf5 32. Kf3
h5 33. a3 a5 34. b4 a4 35. b5 f6 36. Kg2 Ke4 37. Kf2 f5 38. Ke2 Kd4
{White forfeits on time}
0-1

[Event "ICC tourney 2568 (40 10)"]
[Site "Internet Chess Club"]
[Date "2021.05.16"]
[Round "1"]
[White "ZHANG, FRED:Fredzhang"]
[Black "RENJITH, ARYAN:prkukuku"]
[Result "1-0"]
[ICCResult "Black resigns"]
[WhiteElo "1576"]
[BlackElo "1274"]
[Opening "Petrov's defense"]
[ECO "C42"]
[NIC "RG.03"]
[Time "11:01:29"]
[TimeControl "2400+10"]

1. e4 e5 2. Nf3 Nf6 3. Nxe5 Qe7 4. Nf3 Qxe4+ 5. Be2 d5 6. Nc3 Qe6 7. O-O Be7
8. Re1 O-O 9. Bc4 Qd7 10. Bb3 c5 11. d3 Nc6 12. Ba4 d4 13. Bxc6 Qxc6 14. Ne4
Nxe4 15. dxe4 f6 16. c3 dxc3 17. Qb3+ Be6 18. Qxc3 a5 19. Be3 c4 20. Nd4 Qa6
21. f3 Bb4 22. Qc1 Bxe1 23. Qxe1 b5 24. a3 Rfd8 25. Rd1 Bf7 26. Nc2 Rxd1 27.
Qxd1 g6 28. Qd4 Qe6 29. Kf2 Qe7 30. h3 Rd8 31. Qb6 f5 32. exf5 Qh4+ 33. g3
Qe7 34. Qxb5 Rd5 35. Qb8+ Qe8 36. Qxe8+ Bxe8 37. fxg6 Bxg6 38. Nd4 Rd6 39.
Ke2 Rb6 40. Bc1 Bd3+ 41. Ke3 Kf7 42. h4 Kf6 43. Kf4 a4 44. g4 Kf7 45. h5 Kg7
46. g5 Kg8 47. Ke3 h6 48. f4 Rd6 49. Bd2 Rd5 50. Nf3 Bc2 51. Nd4 Bd3 52. Nf3
Bh7 53. g6 Rxh5 54. gxh7+ Kxh7 55. Ne5 Rh1 56. Nxc4 h5 57. Ne5 h4 58. Nf3
Kg6 59. Ke4 h3 60. f5+ Kh5 61. Bf4 Rf1 62. Ke3 Rc1 63. Kd3 Rc8 64. Ne5 Rd8+
65. Ke4 Rb8 66. f6 Rf8 67. f7 h2 68. Bxh2 Kg5 69. Bf4+ Kf6 70. Kd5 Rd8+ 71.
Ke4 Kg7 72. Bg5 Rf8 73. Be7 Rxf7 74. Nxf7 Kxf7 75. Kd4 Kxe7 76. Kc4 Kd6 77.
Kb4 Kc6 78. Kxa4 Kc5 79. b4+ Kb6 80. b5 Kb7 81. Ka5 Kc7 82. b6+ Kc8 83. Ka6
Kb8 84. b7 {Black resigns} 1-0

[Event "ICC tourney 2568 (40 10)"]
[Site "Internet Chess Club"]
[Date "2021.05.16"]
[Round "1"]
[White "JAIN, VIHAAN:jvihaan"]
[Black "RAVIND G N, RICNESH:RickyCarlsen"]
[Result "1/2-1/2"]
[ICCResult "Game drawn by repetition"]
[WhiteElo "1460"]
[BlackElo "1700"]
[Opening "French: exchange variation"]
[ECO "C01"]
[NIC "FR.01"]
[Time "11:01:32"]
[TimeControl "2400+10"]

1. e4 e6 2. d4 d5 3. exd5 exd5 4. Bd3 Bd6 5. Ne2 Ne7 6. O-O c6 7. c3 Bf5 8.
Bxf5 Nxf5 9. Qc2 Nh4 10. Bf4 Ng6 11. Bxd6 Qxd6 12. Ng3 O-O 13. Nd2 Nd7 14.
Nf3 Rfe8 15. Rfe1 Nf6 16. Re2 Rxe2 17. Nxe2 Re8 18. Re1 Re6 19. Ng3 Nh4 20.
Ne5 Nd7 21. Nf5 Nxf5 22. Qxf5 f6 23. Nf3 Rxe1+ 24. Nxe1 Qe7 25. Kf1 Nb6 26.
b3 g6 27. Qf4 a6 28. Nd3 Kf7 29. Nc5 Nc8 30. Qe3 Nd6 31. Qxe7+ Kxe7 32. f3
a5 33. a4 b6 34. Nd3 Nf5 35. Ke2 Kd6 36. Nf4 Ng7 37. g4 g5 38. Nd3 h5 39. h3
hxg4 40. hxg4 f5 41. Ne5 fxg4 42. fxg4 Ne6 43. Ke3 c5 44. Nf3 Kc6 45. Ne5+
Kb7 46. Ng6 cxd4+ 47. cxd4 Kc7 48. Ne7 Kd6 49. Nf5+ Kd7 50. Kd3 Nf4+ 51. Kc3
Ne2+ 52. Kd3 Nf4+ 53. Kc3 Nh3 54. b4 Nf2 55. Ne3 Kc6 56. b5+ Kd6 57. Nf5+
Kd7 58. Ne3 Ke6 59. Kb3 Ne4 60. Kc2 Ng3 61. Kd3 Ne4 62. Kc2 Nf2 63. Kd2 Ne4+
64. Kd3 Nd6 65. Kc3 Ne4+ 66. Kd3 Nf6 67. Kc3 Ne8 68. Nf5 Nf6 69. Ne3 Ne4+
70. Kd3 Nf2+ 71. Ke2 Nh3 72. Kd3 Nf4+ 73. Kc3 Ne2+ 74. Kd3 Nf4+ 75. Kd2 Nh3
76. Kd3 Nf2+ 77. Kd2 Ne4+ 78. Kd3 Nd6 79. Kc3 Ne4+ 80. Kd3 Nf6 81. Kc3 Nh7
82. Kd3 Nf8 83. Kc3 Ng6 84. Kd3 Nf4+ 85. Kd2 Nh3 86. Kd3 Nf2+ 87. Kd2 Ne4+
88. Kd3 Nd6 89. Kc3 Nf7 90. Kd2 Nh6 91. Kc3 Ng8 92. Kd2 Nf6 93. Kc3 Ne4+ 94.
Kd3 Nf2+ {Game drawn by repetition} 1/2-1/2

[Event "ICC tourney 2568 (40 10)"]
[Site "Internet Chess Club"]
[Date "2021.05.16"]
[Round "1"]
[White "VALE CRUZ, ARMIN:trucker"]
[Black "Musku, Himani:Chess121"]
[Result "1-0"]
[ICCResult "Black checkmated"]
[WhiteElo "1709"]
[BlackElo "1488"]
[Opening "French: Steinitz, Boleslavsky variation"]
[ECO "C11"]
[NIC "FR.04"]
[Time "11:01:33"]
[TimeControl "2400+10"]

1. e4 e6 2. d4 d5 3. Nc3 Nf6 4. e5 Nfd7 5. f4 c5 6. Nf3 Nc6 7. Be3 Qb6 8.
Qd2 Qxb2 9. Rb1 Qa3 10. Nb5 Qxa2 11. Rc1 cxd4 12. Nfxd4 Bb4 13. c3 Qxd2+ 14.
Kxd2 Ba5 15. Nd6+ Ke7 16. Ra1 Nxd4 17. Bxd4 Bb6 18. Bd3 a6 19. Rhb1 Bxd4 20.
cxd4 b6 21. Rc1 a5 22. Bb5 Ba6 23. Ba4 b5 24. Nxb5 Bxb5 25. Bxb5 Rhb8 26.
Bc6 Ra6 27. Rc2 Nb6 28. Bb5 Ra7 29. Rc5 Kd8 30. Ra3 Rc8 31. Rxc8+ Kxc8 32.
g4 f6 33. Bd3 fxe5 34. dxe5 Kd8 35. Kc3 g6 36. Kd4 Ke7 37. Bb5 Na8 38. Kc5
Nc7 39. Bc6 Kd8 40. Ba4 Kc8 41. Rc3 Kb7 42. Bc6+ Ka6 43. Rb3 h5 44. Rb6#
{Black checkmated}
1-0

[Event "ICC tourney 2568 (40 10)"]
[Site "Internet Chess Club"]
[Date "2021.05.16"]
[Round "1"]
[White "Gong, Andrew:TheDude865"]
[Black "LANE, THOMAS COE:tclaneva"]
[Result "1-0"]
[ICCResult "Black resigns"]
[WhiteElo "1543"]
[BlackElo "1805"]
[Opening "Sicilian: Najdorf, Byrne (English) attack"]
[ECO "B90"]
[NIC "SI.14"]
[Time "11:01:22"]
[TimeControl "2400+10"]

1. e4 c5 2. Nf3 d6 3. d4 cxd4 4. Nxd4 Nf6 5. Nc3 a6 6. Be3 e6 7. Be2 Qc7 8.
O-O Nc6 9. Qe1 b5 10. Nxc6 Qxc6 11. Bf3 e5 12. a3 Be6 13. Qd2 Rc8 14. Rac1
Be7 15. g3 O-O 16. Bg2 Rfd8 17. Nd5 Bxd5 18. exd5 Qd7 19. f4 e4 20. b3 Qf5
21. c4 Ng4 22. Bb6 Re8 23. h3 Nh6 24. g4 Nxg4 25. hxg4 Qxg4 26. Qd1 Qxd1 27.
Rfxd1 f5 28. cxb5 axb5 29. Bf1 Bh4 30. Bxb5 Rxc1 31. Rxc1 Rb8 32. Rc6 g5 33.
fxg5 f4 34. Rxd6 e3 35. Kg2 Rf8 36. Rd8 f3+ 37. Kf1 e2+ 38. Bxe2 fxe2+ 39.
Kxe2 Bxg5 40. Rxf8+ Kxf8 41. a4 Ke7 42. Bc5+ Kd7 43. b4 Bd8 44. Kf3 h5 45.
a5 Kc8 46. a6 Kb8 47. b5 h4 48. Kg4 Ka8 49. Bf2 h3 50. Kxh3 Bc7 51. Kg4 Kb8
52. Kf5 Bd6 53. Ke6 Bh2 54. d6 Bf4 55. d7 Bg5 56. Bb6 Ka8 57. d8=Q+
{Black resigns}
1-0

[Event "ICC tourney 2568 (40 10)"]
[Site "Internet Chess Club"]
[Date "2021.05.16"]
[Round "1"]
[White "LEVIN, ERIC:elevinchess"]
[Black "KASHYAP, MANISH B:mnm2"]
[Result "0-1"]
[ICCResult "White forfeits on time"]
[WhiteElo "1869"]
[BlackElo "1561"]
[Opening "Sicilian: Sozin, Leonhardt variation"]
[ECO "B88"]
[NIC "SI.26"]
[Time "11:01:27"]
[TimeControl "2400+10"]

1. e4 c5 2. Nf3 d6 3. d4 cxd4 4. Nxd4 Nf6 5. Nc3 Nc6 6. Bc4 e6 7. O-O Be7 8.
Bb3 O-O 9. Be3 Bd7 10. f4 a6 11. Qf3 Rc8 12. Rad1 Qc7 13. Nxc6 bxc6 14. Bc4
a5 15. Bd3 d5 16. e5 Ne8 17. Qh3 g6 18. g4 f6 19. f5 exf5 20. gxf5 Qxe5 21.
Rde1 Qc7 22. Qh6 g5 23. Bxg5 Rf7 24. Be3 Rg7+ 25. Kh1 Bf8 26. Rg1 Kh8 27.
Qh5 Qd6 28. Ne2 c5 29. Bf4 Qc6 30. Ng3 Qb7 31. Bh6 Qxb2 32. Bxg7+ Nxg7 33.
Qg4 c4 34. Nh5 cxd3 35. Nxg7 Rxc2 36. Qg3 d4 37. Re6 Bxe6
{White forfeits on time}
0-1

[Event "ICC tourney 2568 (40 10)"]
[Site "Internet Chess Club"]
[Date "2021.05.16"]
[Round "1"]
[White "VIDENA, DANIEL TUAPEN:Davide25"]
[Black "BHEEMAIAH, AYUSH:Ayushb"]
[Result "0-1"]
[ICCResult "White resigns"]
[WhiteElo "1528"]
[BlackElo "1747"]
[Opening "QGD: 4.Bg5 Be7"]
[ECO "D53"]
[NIC "QO.13"]
[Time "11:01:34"]
[TimeControl "2400+10"]

1. d4 d5 2. c4 e6 3. Nc3 Nf6 4. Bg5 Be7 5. e3 Nbd7 6. Nf3 b6 7. Rc1 Bb7 8.
Bd3 O-O 9. O-O c5 10. cxd5 exd5 11. Qe2 Ne4 12. Bxe7 Qxe7 13. Rfd1 Ndf6 14.
dxc5 bxc5 15. h3 Rfd8 16. Bc2 Rac8 17. Bb3 c4 18. Bc2 Nc5 19. Nd4 Ba6 20.
Qd2 Qb7 21. Nde2 Nd3 22. Bxd3 cxd3 23. Nd4 Ne4 24. Nxe4 dxe4 25. Rxc8 Rxc8
26. Rc1 g6 27. Rc3 Kg7 28. Nb3 Bc4 29. Qc1 Bxb3 30. Rxc8 Bxa2 31. Qc3+ Kh6
32. Rc7 Qb3 33. Qxb3 Bxb3 34. Rd7 Bc4 35. Kf1 d2+ 36. Kg1 Bd3 {White
resigns} 0-1

[Event "ICC tourney 2568 (40 10)"]
[Site "Internet Chess Club"]
[Date "2021.05.16"]
[Round "1"]
[White "GONG, JONATHAN YICHENG:Theutltl"]
[Black "KALYANRAMAN, NIKHIL:nikhilkalya"]
[Result "1-0"]
[ICCResult "Black resigns"]
[WhiteElo "1562"]
[BlackElo "1890"]
[Opening "French: exchange variation"]
[ECO "C01"]
[NIC "FR.01"]
[Time "11:01:28"]
[TimeControl "2400+10"]

1. e4 e6 2. d4 d5 3. exd5 exd5 4. Bd3 Bd6 5. Nf3 Nf6 6. c3 O-O 7. O-O Bg4 8.
Bg5 Nbd7 9. Nbd2 c5 10. h3 Bh5 11. Re1 Qb6 12. Qb3 Qc7 13. Qc2 Rfe8 14. b3
a6 15. c4 Bxf3 16. Nxf3 cxd4 17. Nxd4 h6 18. Be3 Rac8 19. cxd5 Nxd5 20. Qxc7
Rxc7 21. Bc4 N5b6 22. Be2 Ba3 23. Rad1 Bb4 24. Bd2 Bxd2 25. Rxd2 Nf6 26. Kf1
Ne4 27. Rd3 Rce7 28. Nc2 Nf6 29. Bf3 Rxe1+ 30. Nxe1 Re7 31. Rd8+ Kh7 32. Nd3
Rc7 33. Ne5 Rc1+ 34. Rd1 Rxd1+ 35. Bxd1 Kg8 36. Bf3 Nfd5 37. Nc4 Nxc4 38.
bxc4 Nc7 39. Bxb7 Kf8 40. c5 Ke7 41. Ke2 a5 42. Kd3 Kd7 43. Kc4 f5 44. Kb3
Ne6 45. Kc4 Nc7 46. Bf3 g5 47. g3 Ke6 48. a4 Ke5 49. Bg2 h5 50. c6 Kd6 51.
h4 gxh4 52. gxh4 Nd5 53. Bxd5 f4 54. Bf3 {Black resigns} 1-0

[Event "ICC tourney 2568 (40 10)"]
[Site "Internet Chess Club"]
[Date "2021.05.16"]
[Round "1"]
[White "Rodriguez, Eduardo A:EduardoNASA"]
[Black "KASHYAP, MAHATI B:mnm1"]
[Result "0-1"]
[ICCResult "White resigns"]
[WhiteElo "1798"]
[BlackElo "1536"]
[Opening "Sicilian: closed"]
[ECO "B23"]
[NIC "SI.44"]
[Time "11:01:26"]
[TimeControl "2400+10"]

1. e4 c5 2. Nc3 d6 3. f4 Nc6 4. Nf3 Nf6 5. Bb5 Bd7 6. Bc4 e6 7. e5 dxe5 8.
fxe5 Ng4 9. Qe2 Qc7 10. Nb5 Qb8 11. d4 cxd4 12. Bd2 Ngxe5 13. Nxe5 Nxe5 14.
Bf4 Nd3+ 15. Bxd3 Qxf4 16. g3 Qb8 17. Rf1 Bc5 18. Qh5 Bb4+ 19. c3 g6 20. Qe2
dxc3 21. bxc3 Ba5 22. Qb2 Qe5+ 23. Kd2 Rc8 24. Rae1 Qc5 25. Re4 Bxb5 26.
Bxb5+ Ke7 27. Rc4 Qd5+ 28. Ke2 Rxc4 29. Qa3+ Rc5 30. Qxa5 Rxb5 31. Qc7+ Ke8
32. Qxf7+ Kd8 33. Rd1 Rb2+ 34. Ke1 Rb1 35. Qf6+ Kc7 36. Qe7+ Kc6 37. Rxb1
Qh1+ 38. Ke2 Qxb1 39. Qxe6+ Kb5 40. Qe5+ Ka4 41. Qd4+ Ka3 42. Qxh8 Qxa2+ 43.
Kd3 Qxh2 44. Qf8+ Kb2 45. Qb4+ Kc1 46. Qf4+ Kb1 47. Qf1+ Kb2 48. Qf3 Qc2+
49. Kc4 Qb3+ 50. Kd4 Qb6+ 51. Kd3 Qd6+ 52. Ke2 Qe5+ 53. Kd2 b5 54. Qd3 Qf5
55. Qe3 Qc2+ 56. Ke1 Qxc3+ 57. Qd2+ {White resigns} 0-1

[Event "ICC tourney 2568 (40 10)"]
[Site "Internet Chess Club"]
[Date "2021.05.16"]
[Round "1"]
[White "THOMAS, MICHAEL G:chesslin"]
[Black "SULTAN, BASHIR Cisse:muzikmixer"]
[Result "1/2-1/2"]
[ICCResult "Game drawn by mutual agreement"]
[WhiteElo "1739"]
[BlackElo "1511"]
[Opening "Queen's Pawn"]
[ECO "A41"]
[NIC "QO.17"]
[Time "11:01:51"]
[TimeControl "2400+10"]

1. d4 d6 2. Bf4 Nf6 3. Nc3 c6 4. e4 Qa5 5. Qd2 e5 6. Bg5 Be7 7. Nf3 Bg4 8.
Be2 Nbd7 9. dxe5 dxe5 10. O-O Bxf3 11. Bxf3 Qc7 12. Rfd1 O-O 13. a3 Rfd8 14.
Qe2 b5 15. h3 a5 16. Bg4 Nc5 17. b4 axb4 18. axb4 Rxd1+ 19. Rxd1 Ne6 20.
Bxe6 fxe6 21. Bxf6 gxf6 22. Qg4+ Kf7 23. Qh5+ Kg7 24. Rd3 Bxb4 25. Qg4+ Kf7
26. Rg3 Bf8 27. Qg8+ Ke7 28. Rd3 Ra7 29. Qxh7+ Ke8 30. Qh5+ Qf7 31. Qd1 Qe7
32. h4 Rd7 33. g4 Rxd3 34. Qxd3 Qc5 35. Ne2 Qd6 36. Qxd6 Bxd6 37. Kf1 Bc5
38. f4 exf4 39. Nxf4 Kf7 40. Ke2 Bd6 41. Nd3 c5 42. e5 fxe5 43. Ke3 c4 44.
Nc1 Ba3 45. Na2 b4 46. Ke4 b3 47. cxb3 cxb3 48. Nc3 Bb2 49. Nb1 Bd4 50. h5
Kf6 51. Kd3 Kg5 52. Nd2 b2 53. Nb1 Bc5 54. Ke4 Bf8 55. Kf3 Bh6 56. Nc3 Kf6
57. Ne4+ Ke7 58. Nc3 Kd6 59. Ke4 Bc1 60. Nb1 Kc5 61. Kxe5 Kc4 62. Kxe6 Kb3
63. Kf5 Ka2 64. Nc3+ Kb3 65. Nb1 Ka2 {Game drawn by mutual agreement}
1/2-1/2

[Event "ICC tourney 2568 (40 10)"]
[Site "Internet Chess Club"]
[Date "2021.05.16"]
[Round "1"]
[White "AYYAPPAN, SANTHOSH:SanthoshA"]
[Black "NAGULAPALLY, AYAN:Ayan123"]
[Result "0-1"]
[ICCResult "White checkmated"]
[WhiteElo "1652"]
[BlackElo "1344"]
[Opening "Scandinavian (center counter) defense"]
[ECO "B01"]
[NIC "SD.01"]
[Time "11:01:26"]
[TimeControl "2400+10"]

1. e4 d5 2. exd5 Qxd5 3. Nc3 Qa5 4. d4 c6 5. Bc4 Nf6 6. Nf3 Bf5 7. Bf4 e6 8.
O-O Be7 9. Re1 O-O 10. a3 Nbd7 11. Ne2 h6 12. b4 Qd8 13. Ng3 Bh7 14. c3 Nd5
15. Bxd5 exd5 16. Ra2 Nf6 17. Rae2 Re8 18. Ne5 a5 19. Qb3 Bd6 20. h3 Qc7 21.
f3 b6 22. Nf1 Re7 23. Nd2 Rae8 24. Bh2 Nd7 25. Qd1 Nxe5 26. dxe5 Bxe5 27.
Bxe5 Rxe5 28. Rxe5 Rxe5 29. Nb3 Bc2 30. Qxc2 Rxe1+ 31. Kf2 Qe5 32. Qd2 Rb1
33. Nd4 c5 34. bxc5 bxc5 35. Nc6 Qd6 36. Qxd5 Qxd5 37. Ne7+ Kf8 38. Nxd5 Ra1
39. Ke3 Rxa3 40. Kd3 Rb3 41. Kc2 a4 42. Ne3 Rb8 43. Nc4 Ke7 44. g3 Ke6 45.
h4 Kd5 46. Ne3+ Ke6 47. Nc4 h5 48. Kc1 f6 49. Kc2 g5 50. Kc1 gxh4 51. gxh4
Rg8 52. Kb2 Rg2+ 53. Ka3 Rh2 54. Kxa4 Rxh4 55. Kb3 Rxc4 56. Kxc4 h4 57. Kxc5
h3 58. Kb6 h2 59. c4 h1=Q 60. c5 Qxf3 61. c6 Qb3+ 62. Kc7 Qd5 63. Kb6 Qd8+
64. c7 Qc8 65. Kc6 f5 66. Kb6 Kd7 67. Ka7 Qxc7+ 68. Ka8 Qc6+ 69. Ka7 Qb5 70.
Ka8 Kc7 71. Ka7 Qb7# {White checkmated} 0-1

[Event "ICC tourney 2568 (40 10)"]
[Site "Internet Chess Club"]
[Date "2021.05.16"]
[Round "1"]
[White "PEESA, RAHUL:RahulPeesa"]
[Black "XIONG, LANG LEO:langlglang"]
[Result "0-1"]
[ICCResult "White checkmated"]
[WhiteElo "1330"]
[BlackElo "1641"]
[Opening "King's Indian: Torre attack"]
[ECO "A48"]
[NIC "QP.01"]
[Time "11:01:33"]
[TimeControl "2400+10"]

1. d4 Nf6 2. Nf3 g6 3. Bg5 Bg7 4. Nbd2 d6 5. c3 Nbd7 6. e4 O-O 7. Bc4 h6 8.
Bh4 c6 9. O-O b5 10. Bb3 Bb7 11. Re1 e5 12. Qe2 Qc7 13. dxe5 dxe5 14. a4 a6
15. Bc2 Qb6 16. c4 b4 17. b3 g5 18. Bg3 Nh5 19. c5 Qxc5 20. Nc4 Nxg3 21.
hxg3 Nb6 22. Nfd2 Nxc4 23. Nxc4 Rad8 24. Rad1 Rd4 25. Rc1 Rfd8 26. Red1 Qe7
27. Bd3 Qc7 28. Ne3 a5 29. Nf5 R4d7 30. Bc2 c5 31. Bd3 Bf8 32. Bb5 Rxd1+ 33.
Rxd1 Rxd1+ 34. Qxd1 Bxe4 35. Ne3 Qd6 36. Qe2 Qd4 37. Nc4 Bd5 38. Nxa5 Qc3
39. Bc4 Bxc4 40. Qxc4 Bd6 41. Qd5 Bc7 42. Nb7 c4 43. Nc5 cxb3 44. Nxb3 Qe1+
45. Kh2 Qxf2 46. Qa8+ Kg7 47. Qb7 Qc2 48. Qf3 e4 49. Qe3 Bb6 50. Qxb6 Qxb3
51. Qd4+ f6 52. Qd7+ Kg6 53. Qe8+ Kf5 54. Qd7+ Qe6 55. Qh7+ Ke5 56. Qc7+ Kd4
57. Qa7+ Kc3 58. Qe3+ Kc4 59. Qc1+ Kd5 60. Qd2+ Kc5 61. Qf2+ Kd5 62. Qd2+
Ke5 63. Qb2+ Kf5 64. Qf2+ Kg6 65. Qd4 b3 66. a5 e3 67. Qd3+ Kg7 68. a6 e2
69. a7 Qe8 70. a8=Q Qxa8 71. Qxe2 Qf8 72. Qb2 Qb4 73. Kh3 h5 74. Kh2 h4 75.
gxh4 Qxh4+ 76. Kg1 Qe1+ 77. Kh2 Qe5+ 78. Qxe5 fxe5 79. Kg3 b2 80. Kg4 b1=Q
81. Kh3 e4 82. Kg3 e3 83. Kf3 Qf1+ 84. Kg3 e2 85. Kh3 e1=Q 86. Kg4 Qxg2+ 87.
Kh5 Qeh1# {White checkmated} 0-1

[Event "ICC tourney 2568 (40 10)"]
[Site "Internet Chess Club"]
[Date "2021.05.16"]
[Round "2"]
[White "SULTAN, BASHIR Cisse:muzikmixer"]
[Black "WANG, YUANZHE:yogokings12"]
[Result "1/2-1/2"]
[ICCResult "Game drawn by mutual agreement"]
[WhiteElo "1511"]
[BlackElo "1587"]
[Opening "English: Anglo-Grünfeld defense"]
[ECO "A16"]
[NIC "EO.64"]
[Time "13:16:58"]
[TimeControl "2400+10"]

1. c4 Nf6 2. Nc3 d5 3. cxd5 Nxd5 4. e4 Nxc3 5. dxc3 Qxd1+ 6. Kxd1 Nc6 7. Bc4
e5 8. a4 a5 9. Bg5 Be7 10. Bxe7 Kxe7 11. Kc2 Be6 12. Bd5 Nd8 13. Nf3 f6 14.
Rhd1 c6 15. Bxe6 Nxe6 16. Nd2 b5 17. Nb3 b4 18. Nd2 Nc5 19. cxb4 axb4 20. b3
Rhd8 21. f3 Ne6 22. Nc4 Nd4+ 23. Kb2 Ra6 24. Rd2 Rc8 25. Rad1 c5 26. Ne3 Ke6
27. Rc1 Rac6 28. Nc4 Ra8 29. Ne3 Rac8 {Game drawn by mutual agreement}
1/2-1/2